 Dungeon Crawl Stone Soup version 0.30-a0-34-gbe8da3892a (webtiles) character file.

Game seed: 18187520164811853988

235 frimble the Conjurer (level 5, -4/35 HPs)
             Began as a Demonspawn Air Elementalist on Aug 28, 2022.
             Slain by Edmund
             ... wielding a +5 flail of venom
              (13 damage)
             ... on level 4 of the Dungeon.
             The game lasted 00:03:37 (4945 turns).

frimble the Conjurer (Demonspawn Air Elementalist)  Turns: 4945, Time: 00:03:37

Health: -4/35      AC:  4    Str:  9    XL:     5   Next: 76%
Magic:  8/8        EV: 12    Int: 18    God:
Gold:   159        SH:  0    Dex: 13    Spells: 7/8 levels left

rFire   . . .      SeeInvis .    e - +1 long sword
rCold   + . .      Faith    .    (no shield)
rNeg    + . .      Spirit   .    a - +0 robe
rPois   .          Reflect  .    m - +1 hat
rElec   .          Harm     .    (no cloak)
rCorr   .          Rampage  .    o - +0 pair of gloves
Will    .....                    (no boots)
Stlth   ++........               (no amulet)
HPRegen 0.11/turn                k - ring of protection from cold
MPRegen 0.22/turn                p - ring of positive energy

@: no status effects
A: antennae 2, magic regeneration
a: no special abilities


You were on level 4 of the Dungeon.
You visited 1 branch of the dungeon, and saw 4 of its levels.

You collected 159 gold pieces.

Inventory:

Hand Weapons
 e - a +1 long sword (weapon)
 f - a +0 dagger of venom
Armour
 a - a +0 robe (worn)
 m - a +1 hat (worn)
 o - a +0 pair of gloves (worn)
Jewellery
 d - a ring of ice
 k - a ring of protection from cold (left hand)
 p - a ring of positive energy (right hand)
Wands
 r - a wand of roots (2)
Scrolls
 l - a scroll of magic mapping
 n - 4 scrolls of teleportation
Potions
 b - 2 potions of magic
 c - 2 potions of curing
 g - a potion of attraction
 h - a potion of resistance
 i - 2 potions of flight {unknown}
 j - 4 potions of invisibility {unknown}
 q - 3 potions of heal wounds {unknown}


   Skills:
 + Level 3.5 Long Blades
 - Level 1.7 Dodging
 - Level 1.7 Stealth
 - Level 2.0 Spellcasting
 + Level 4.1 Conjurations
 - Level 2.6 Air Magic


You had 7 spell levels left.
You knew the following spells:

 Your Spells              Type           Power      Damage    Failure   Level
a - Shock                 Conj/Air       56%        1d6       4%          1

Your spell library contained the following spells:

 Spells                   Type           Power      Damage    Failure   Level
 Static Discharge         Conj/Air       28%        3-5/arc   7%          2
 Swiftness                Air            11%        N/A       19%         3
 Airstrike                Air            5%         2d(1-17)  52%         4


Dungeon Overview and Level Annotations

Branches:
Dungeon (4/15)
 Temple: D:4-7

Altars:
Ru

Annotations:
D:3 2 runed translucent doors, SirDiesAlot's ghost, amateur DEFE
D:4 Edmund


Innate Abilities, Weirdness & Mutations

You have a pair of antennae on your head.
You regenerate magic rapidly.


Message History

Unknown command.
Okay, then.
You feel better.
Edmund says, "A flail is better than a scythe, any day of the week!"
Edmund hits you with a +5 flail of venom.
You are poisoned.
Aiming: Fastroot
Press: ? - help, Shift-Dir - straight line The roots erupt in riotous growth!
You feel sick.
Edmund hits you with a +5 flail of venom!!
Ouch! That really hurt!
* * * LOW HITPOINT WARNING * * *
You are more poisoned.
Okay, then.
You feel better. Edmund barely misses you.
Aiming: Fastroot
Press: ? - help, Shift-Dir - straight line, f - Edmund
Aim: Edmund, wielding a +5 flail of venom and wearing a +0 chain mail (strong)
The roots erupt in riotous growth!
Roots grab Edmund.
The grasping roots constrict Edmund.
You hear a shout!
Edmund hits you with a +5 flail of venom!
* * * LOW HITPOINT WARNING * * *
The grasping roots constrict Edmund.
The roots release their grip on Edmund.
Aiming: Fastroot
Press: ? - help, Shift-Dir - straight line, f/p - Edmund
Aim: Edmund, wielding a +5 flail of venom and wearing a +0 chain mail (lightly wounded, strong)
The roots erupt in riotous growth!
Roots grab Edmund.
The grasping roots constrict Edmund.
Edmund closely misses you.
The grasping roots constrict Edmund.
The roots release their grip on Edmund.
Aiming: Fastroot
Press: ? - help, Shift-Dir - straight line, f/p - Edmund
Aim: Edmund, wielding a +5 flail of venom and wearing a +0 chain mail (moderately wounded, strong)
The roots erupt in riotous growth!
Roots grab Edmund.
The grasping roots constrict Edmund.
Edmund hits you with a +5 flail of venom!
You die...

..##.#....##
#.#.#.....## #.
#.........###### #.#
##.............#
#..###..[......# #)
(.#.#.......## .##
...####...## ..# # #
##.###..@..# #<#
#.#.##...##.@(..# #.#
................#
####.####
#.##.#...##.....#
#....<..#
#.......###.....#
#....##.# ####.##.#
####### #.###.#.# #
#.####### #. #.#.#
#.##.......# #.###.#.#
#....#...#.# #.......#
####.......#######.#####


You could see Edmund (strong, rooted).

Vanquished Creatures
  A jelly (D:4)
  Jessica (D:2)
  Ijyb (D:3)
  Robin (D:4)
  4 adders
  2 worms
  2 dart slugs (D:3)
  3 orcs (D:3)
  9 endoplasms
  3 giant cockroaches
  17 goblins
  11 hobgoblins
  4 jackals (D:1)
  4 kobolds
  4 quokkas
  5 ball pythons
  5 bats
  4 frilled lizards
  5 rats
86 creatures vanquished.

Notes
Turn   | Place    | Note
-------+----------+-------------------------------------------
     0 | D:1      | frimble the Demonspawn Air Elementalist began the quest for
                  | the Orb.
     0 | D:1      | Reached XP level 1. HP: 13/13 MP: 3/3
   629 | D:1      | Gained mutation: You have a pair of small antennae on your
                  | head. [demonic ancestry]
   629 | D:1      | Reached XP level 2. HP: 15/19 MP: 5/5
   769 | D:1      | Reached skill level 1 in Long Blades
  1194 | D:1      | Reached skill level 2 in Conjurations
  1317 | D:1      | Found a faded altar of an unknown god.
  1336 | D:1      | Gained mutation: You regenerate magic rapidly. [demonic
                  | ancestry]
  1336 | D:1      | Reached XP level 3. HP: 22/24 MP: 6/6
  2616 | D:2      | Gained mutation: You have a pair of antennae on your head.
                  | [demonic ancestry]
  2616 | D:2      | Reached XP level 4. HP: 28/30 MP: 3/7
  2704 | D:2      | Noticed Jessica
  2712 | D:2      | Killed Jessica
  2713 | D:2      | Reached skill level 3 in Conjurations
  3992 | D:3      | Reached XP level 5. HP: 35/35 MP: 4/8
  4114 | D:3      | Found a sacrificial altar of Ru.
  4504 | D:3      | Noticed Ijyb
  4510 | D:3      | Killed Ijyb
  4585 | D:3      | Found a runed translucent door.
  4585 | D:3      | Noticed SirDiesAlot's ghost (amateur DEFE)
  4633 | D:3      | Found a runed translucent door.
  4689 | D:4      | Noticed Robin
  4692 | D:4      | Reached skill level 4 in Conjurations
  4700 | D:4      | Killed Robin
  4929 | D:4      | Noticed Edmund
  4945 | D:4      | Slain by Edmund

Illustrated notes

Levels and vault maps discovered:
D:1:      dpeg_arrival_pond, layout_loops_corners,
          shapermc_ecumenical_altar_acropolis
D:2:      layout_basic, minmay_3d_cube, uniq_jessica
D:3:      layout_loops_ring, lemuel_round_altar, ebering_ghost_sewer_f,
          minmay_misc_feat_x, uniq_ijyb
D:4:      layout_loops_cross, gammafunk_temple_overflow_statue, uniq_edmund,
          uniq_pikel, uniq_robin, uniq_menkaure

Skill      XL: |  1  2  3  4  5 |
---------------+----------------+-----
Long Blades    | 1 2 3 |  3.5
Conjurations   | 2 3 4 |  4.1
Dodging        | |  1.7
Stealth        | |  1.7
Spellcasting   | |  2.0
Air Magic      | |  2.6

Action                   |  1- 3 |  4- 6 || total
-------------------------+-------+-------++-------
Melee: Long sword        |   118 |   110 ||   228
       Punch             |     1 |     2 ||     3
 Cast: Shock             |    22 |    16 ||    38
Evoke: Wand              |       |     4 ||     4
  Use: Scroll            |     7 |     3 ||    10
       Potion            |       |     3 ||     3
 Stab: Sleeping          |     5 |     3 ||     8
       Distracted        |       |     1 ||     1
Armor: Robe              |    30 |    29 ||    59
Dodge: Dodged            |    97 |    74 ||   171

Table legend: (Time is in decaauts)
 A = Elapsed time spent in this place.
 B = Non-inter-level travel time spent in this place.
 C = Inter-level travel time spent in this place.
 D = Time resting spent in this place.
 E = Time spent auto-exploring this place.
 F = Levels seen in this place.
 G = Mean time per level.
                   A        B        C        D        E       F      G
               +--------+--------+--------+--------+--------+-----+--------+
         Total |   5010 |   4892 |    118 |      6 |   4206 |   4 | 1252.5 |
       Dungeon |   5010 |   4892 |    118 |      6 |   4206 |   4 | 1252.5 |
               +--------+--------+--------+--------+--------+-----+--------+

Top non-repeatable levels by time:
     D:1: 2148 daAuts
     D:2: 1696 daAuts
     D:3: 858 daAuts
     D:4: 306 daAuts
